AoeStats
← ElDarko

Four Lakes

508946458Analyzed
1v1 RM · 6d ago on Sep 24, 2026· 45m 1s· 2 players
Game mode
Random Map
Map size
Tiny (2 player)
Population
200
Speed
Normal
Resources
Standard
Victory
Conquest
Starting age
Dark Age
Ending age
Imperial Age
RankedLock teamsTeams togetherTeam positionsShared explorationLock speedFull tech treeHidden civsTurbo modeCheats
Victory
Defeat
🇬🇧 Cumans · United Kingdom
573
+10
🇦🇷 Magyars · Argentina
436
-10
ElDarko
11:55 Feudal Age
10:12 Loom
17:40 Castle Age
17:24 Double-Bit Axe
19:55 Bow Saw
19:57 Gold Mining
24:38 Fishing Lines
30:32 Scale Barding Armor
30:57 Ballistics
35:07 Imperial Age
37:49 Padded Archer Armor
37:41 Fletching
38:12 Chain Barding Armor
38:21 Parthian Tactics
42:55 Corvinian Army
DJstapie
5:15 Loom
12:55 Feudal Age
15:27 Wheelbarrow
14:51 Double-Bit Axe
16:00 Man-at-Arms
16:58 Horse Collar
22:41 Fishing Lines
25:22 Castle Age
26:10 Bloodlines
26:34 Hand Cart
27:24 Scale Barding Armor
27:30 Forging
27:20 Scale Mail Armor
27:14 Gillnets
27:19 Gillnets
29:05 Bow Saw
32:44 Imperial Age
30:46 Long Swordsman
32:47 Iron Casting
32:32 Chain Barding Armor
32:38 Steppe Husbandry
32:27 Town Watch
33:14 Two-Handed Swordsman
33:57 Squires
33:24 Cavalier
35:47 Town Patrol
37:04 Two-Man Saw
36:03 Gold Mining
36:04 Stone Mining
36:17 Heavy Plow
37:15 Conscription
37:12 Murder Holes
37:40 Ballistics
40:14 Champion
41:55 Hoardings
42:52 Paladin
Connection lost

Rejoining the realm…

Still unreachable

The connection could not be restored.

Session expired

The server has moved on; the page needs a fresh start.